 Dungeon Crawl Stone Soup version 0.22-a0-482-g76e0a5f51a (webtiles) character file.

1132 barakagiga5 the Cudgeler (level 8, -2/49 HPs)
             Began as a Gargoyle Monk on June 17, 2018.
             Was a Believer of Okawaru.
             Slain by an orc warrior
             ... wielding a +0 glaive
              (13 damage)
             ... on level 5 of the Dungeon.
             The game lasted 00:12:41 (6931 turns).

barakagiga5 the Cudgeler (Gargoyle Monk)            Turns: 6931, Time: 00:12:42

Health: -2/49      AC: 17    Str: 16    XL:     8   Next: 36%
Magic:  8/8        EV: 11    Int: 12    God:    Okawaru [**....]
Gold:   208        SH:  0    Dex: 12    Spells: 7/7 levels left

rFire    . . .     SeeInvis .   s - +1 flail (holy)
rCold    . . .     Gourm    .   (no shield)
rNeg     + + .     Faith    .   t - +4 scale mail {rN+}
rPois    ∞         Spirit   .   (no helmet)
rElec    +         Reflect  .   (no cloak)
rCorr    .         Harm     .   (no gloves)
MR       .....                  (no boots)
Stlth    +.........             n - amulet of magic regeneration
HPRegen  0.16/turn              y - ring of flight
MPRegen  0.36/turn              (no ring)

@: no status effects
A: negative energy resistance 1, electricity resistance, unbreathing,
petrification resistance, rot immunity, AC +5
a: Heroism, Renounce Religion, Evoke Flight


You were on level 5 of the Dungeon.
You worshipped Okawaru.
Okawaru was pleased with you.
You were hungry.

You visited 2 branches of the dungeon, and saw 7 of its levels.

You collected 208 gold pieces.

Inventory:

Hand Weapons
 s - a +1 flail of holy wrath (weapon)
Missiles
 j - 109 stones (quivered)
Armour
 t - a +4 scale mail of positive energy (worn)
Jewellery
 n - an amulet of magic regeneration (around neck)
 y - a ring of flight (left hand)
Wands
 u - a wand of polymorph (2)
Scrolls
 a - a scroll of enchant weapon {unknown}
 d - 3 scrolls of remove curse
 e - 4 scrolls of fear
 f - a scroll of amnesia {unknown}
 g - 3 scrolls of teleportation
 h - 3 scrolls of identify {unknown}
 i - a scroll of noise {unknown}
 r - 2 scrolls of magic mapping {unknown}
Potions
 k - 2 potions of curing {unknown}
 l - a potion of might {unknown}
 m - a potion of invisibility {unknown}
 o - a potion of lignification {unknown}
 p - a potion of mutation {unknown}
 q - 2 potions of agility {unknown}
 v - a potion of brilliance {unknown}
 z - 2 potions of heal wounds {unknown}
Comestibles
 c - 14 rations


   Skills:
 + Level 5.3 Fighting
 * Level 6.3 Maces & Flails
 * Level 5.6 Armour
 + Level 4.0 Dodging
 - Level 3.0 Stealth


You had 7 spell levels left.
You didn't know any spells.
Your spell library was empty.

Dungeon Overview and Level Annotations

Branches:
Dungeon (6/15)             Temple (1/1) D:5

Altars:
Ashenzari
Cheibriados
Dithmenos
Elyvilon
Fedhas
Gozag
Hepliaklqana
Kikubaaqudgha
Makhleb
Okawaru
Ru
Sif Muna
Trog
Vehumet
Wu Jian
Xom
Yredelemnul
Zin
The Shining One


Innate Abilities, Weirdness & Mutations

You are resistant to torment.
Your stone body is resilient. (AC +5)
You are immune to poison.
You resist negative energy. (rN+)
You are resistant to electric shocks. (rElec)
You can survive without breathing.
You are immune to petrification.
You are immune to rotting.


Message History

The orc warrior hits you with a glaive.
You hit the orc warrior but do no damage.
The orc warrior is moderately wounded.
The orc warrior hits you with a glaive!
* * * LOW HITPOINT WARNING * * *
You barely miss the orc warrior.
The orc warrior is moderately wounded.
You barely miss the orc warrior. You punch the orc warrior.
The orc warrior is moderately wounded.
The orc warrior misses you.
You hit the orc warrior but do no damage.
The orc warrior is moderately wounded.
You barely miss the orc warrior.
The orc warrior is moderately wounded.
The orc warrior closely misses you.
You closely miss the orc warrior. You punch the orc warrior.
The orc warrior is heavily wounded.
You feel like a meek peon again. The orc warrior hits you with a glaive!
You die...

############
#..........#
#..........#
#..........#
#..........#########
#..................#
#.......o..........#####
#......@...........'....
#..................#####
#..................#
#...............)..#
#######'###........# #.#
#........#
####+####......##
#......##......#
#......##......#


You could see an orc warrior.

Vanquished Creatures
  Menkaure (D:4)
  Edmund (D:4)
  2 ice beasts (D:5)
  A sky beast (D:5)
  A centaur (D:5)
  Blork the orc (D:4)
  A wyvern zombie (D:6)
  A jelly (D:5)
  A bullfrog skeleton (D:4)
  4 orc wizards
  Ijyb (D:3)
  3 worker ants
  A hound skeleton (D:4)
  5 adders
  An ooze (D:4)
  An adder zombie (D:5)
  3 worms
  2 dart slugs
  8 orcs
  2 ball pythons
  4 bats
  5 giant cockroaches
  2 goblins (D:1)
  8 hobgoblins
  12 jackals
  5 kobolds
  A quokka (D:4)
  5 frilled lizards
  A leopard gecko skeleton (D:4)
  8 rats
92 creatures vanquished.

Notes
Turn   | Place    | Note
-------+----------+-------------------------------------------
     0 | D:1      | barakagiga5 the Gargoyle Monk began the quest for the Orb.
     0 | D:1      | Reached XP level 1. HP: 14/14 MP: 1/1
    82 | D:1      | Reached XP level 2. HP: 12/19 MP: 2/2
   855 | D:1      | Reached XP level 3. HP: 23/23 MP: 3/3
   862 | D:1      | Reached skill level 1 in Armour
  2354 | D:2      | Reached XP level 4. HP: 23/29 MP: 4/4
  2453 | D:2      | Found a hazy altar of Hepliaklqana.
  2703 | D:3      | Found a blossoming altar of Fedhas.
  2744 | D:3      | Reached skill level 4 in Maces & Flails
  2744 | D:3      | Reached XP level 5. HP: 33/33 MP: 5/5
  2857 | D:3      | Found a burning altar of Makhleb.
  3198 | D:4      | Noticed Blork the orc
  3318 | D:4      | Noticed Edmund
  3373 | D:4      | Killed Edmund
  3373 | D:4      | Reached XP level 6. HP: 31/38 MP: 6/6
  3492 | D:4      | Killed Blork the orc
  3748 | D:4      | Noticed Menkaure
  4203 | D:4      | Noticed Ijyb
  4270 | D:3      | Killed Ijyb
  4363 | D:4      | Killed Menkaure
  4363 | D:4      | Reached skill level 5 in Maces & Flails
  4363 | D:4      | Reached XP level 7. HP: 38/44 MP: 7/7
  4425 | D:4      | Found a white marble altar of Elyvilon.
  4428 | D:4      | Found an opulent altar of Gozag.
  4445 | D:4      | Found an ancient bone altar of Kikubaaqudgha.
  4448 | D:4      | Found a sacrificial altar of Ru.
  4579 | D:4      | Found a radiant altar of Vehumet.
  5019 | D:5      | Entered Level 5 of the Dungeon
  5429 | D:5      | Reached skill level 5 in Fighting
  5669 | D:5      | Reached skill level 5 in Armour
  5669 | D:5      | Reached XP level 8. HP: 34/49 MP: 8/8
  6016 | D:5      | Found a staircase to the Ecumenical Temple.
  6025 | Temple   | Entered the Ecumenical Temple
  6082 | Temple   | Became a worshipper of Warmaster Okawaru
  6082 | Temple   | Reached * piety under Okawaru
  6082 | Temple   | Reached ** piety under Okawaru
  6171 | D:5      | You fall through a shaft!
  6230 | D:5      | Found a shimmering altar of Xom.
  6262 | D:5      | Reached skill level 6 in Maces & Flails
  6759 | D:6      | Found a glowing silver altar of Zin.
  6931 | D:5      | Slain by an orc warrior

Vault maps used:
D:1:      lightli_molten_gateway, wad_woods_river_04
D:2:      nicolae_overflow_hidden_temple
D:3:      lemuel_coloured_pillars_altar, fedhas_altar_1
D:4:      fiery_altar_vehumet, grunt_temple_overflow_cloverleaf, first_ration,
          grunt_ministairs_8, uniq_ijyb, uniq_menkaure, uniq_edmund,
          uniq_blork_the_orc
D:5:      minmay_temple_entry_statues_fountains, basic_altar
D:6:      zin_treasury, serial_bayou_pond_a, hangedman_abyss_or_decor_stagger
Temple:   cyrus_temple_forest

Skill      XL: |  1  2  3  4  5  6  7  8 |
---------------+-------------------------+-----
Armour         | 1 2 3 4 5 |  5.6
Stealth        | 3 |  3.0
Maces & Flails | 4 5 6 |  6.3
Fighting       | 4 5 |  5.3
Dodging        | 3 4 |  4.0

Action                   |  1- 3 |  4- 6 |  7- 9 || total
-------------------------+-------+-------+-------++-------
Melee: Mace              |   145 |   182 |   198 ||   525
       Unarmed           |       |     9 |       ||     9
       Flail             |       |       |    59 ||    59
       Punch             |       |       |     2 ||     2
Invok: Heroism           |       |       |     2 ||     2
  Use: Scroll            |       |       |     4 ||     4
 Stab: Sleeping          |     4 |       |       ||     4
  Eat: Chunk             |     3 |     6 |     7 ||    16
       Ration            |       |     1 |       ||     1
Armor: Robe              |    40 |       |       ||    40
       Plate armour      |     7 |    82 |       ||    89
       Skin              |       |    22 |       ||    22
       Scale mail        |       |    21 |   151 ||   172
Dodge: Dodged            |   101 |    50 |   152 ||   303

Table legend:
 A = Spawn XP
 B = Non-spawn XP
 C = Spawn XP percentage of total XP
 D = Spawn monster count
 E = Non-spawn monster count
 F = Spawn count percentage of total count
 G = Total turns spent on level
                    A         B        C        D         E        F      G
               +---------+---------+-------+---------+---------+-------+---------
         Total |       0 |    1618 |   0.0 |       0 |      92 |   0.0 |  6931
               +---------+---------+-------+---------+---------+-------+---------
           D:1 |       0 |      43 |   0.0 |       0 |      24 |   0.0 |  1618
           D:2 |       0 |      80 |   0.0 |       0 |      17 |   0.0 |   927
           D:3 |       0 |      85 |   0.0 |       0 |       9 |   0.0 |  1307
           D:4 |       0 |     501 |   0.0 |       0 |      16 |   0.0 |  1167
           D:5 |       0 |     779 |   0.0 |       0 |      24 |   0.0 |  1674
           D:6 |       0 |     130 |   0.0 |       0 |       2 |   0.0 |   130
               +---------+---------+-------+---------+---------+-------+---------
